 Dungeon Crawl Stone Soup version 0.17.0-28-g6e173f8 (console) character file.

22950 gw the Basher (level 12, -8/114 HPs)
             Began as a Deep Dwarf Abyssal Knight on Nov 22, 2015.
             Was the Champion of Lugonu.
             Mangled by a spiny frog (13 damage)
             ... on level 4 of the Lair of Beasts.
             The game lasted 00:19:04 (12713 turns).

gw the Basher (Deep Dwarf Abyssal Knight)          Turns: 12713, Time: 00:19:04

Health: -8/114     AC: 22    Str: 19    XL:     12   Next: 67%
Magic:  0/0        EV:  7    Int: 17    God:    Lugonu [******]
Gold:   936        SH:  0    Dex: 16    Spells: 0 memorised, 11 levels left

rFire  . . .     SeeInvis .     a - +4 great mace (drain)
rCold  + . .     Clarity  .     A - +0 plate armour
rNeg   . . .     SustAt   .     (shield currently unavailable)
rPois  .         Gourm    .     b - +1 helmet {Int+3}
rElec  .         Spirit   .     s - +0 cloak
rCorr  +         Warding  .     x - +1 pair of gloves
rMut   .         Stasis   .     o - +0 pair of boots
MR     +....                    J - amulet of resist corrosion
Stlth  ..........               H - ring of protection from cold
                                y - +3 ring of strength

@: non-regenerating, somewhat resistant to hostile enchantments, extremely
unstealthy
A: damage resistance, recharge devices, sense surroundings 2, slow regeneration
3
a: Device Recharging, Depart the Abyss, Bend Space, Banish, Corrupt, Enter the
Abyss, Brand Weapon With Distortion, Renounce Religion


You were on level 4 of the Lair of Beasts.
You worshipped Lugonu.
Lugonu was exalted by your worship.
You were hungry.

You visited 2 branches of the dungeon, and saw 15 of its levels.
You visited the Abyss 1 time.
You also visited: Sewer.

You collected 936 gold pieces.

Inventory:

Hand Weapons
 a - a +4 great mace of draining (weapon)
Missiles
 r - 117 bolts
 u - 12 bolts of flame
 B - 9 bolts of penetration
Armour
 b - a +1 helmet of intelligence (worn)
 o - a +0 pair of boots (worn)
 s - a +0 cloak (worn)
 x - a +1 pair of gloves (worn)
 A - a +0 plate armour (worn)
 I - a +1 pair of gloves
Jewellery
 y - a +3 ring of strength (left hand)
 H - a ring of protection from cold (right hand)
 J - an amulet of resist corrosion (around neck)
Wands
 c - a wand of heal wounds (0)
 w - a wand of polymorph (15)
 z - a wand of paralysis (17)
 C - a wand of teleportation (7)
 D - a wand of cold (2)
 F - a wand of random effects (13)
 G - a wand of fire (12)
Scrolls
 e - 4 scrolls of amnesia
 h - 13 scrolls of identify
 k - 8 scrolls of teleportation
 p - a scroll of holy word
 q - 8 scrolls of remove curse
Potions
 i - 4 potions of lignification
 l - 2 potions of resistance
 n - 7 potions of curing
 t - 5 potions of flight
 v - 4 potions of brilliance
Comestibles
 d - 8 bread rations
 f - 15 fruits
 g - a slice of pizza
 j - 10 beef jerkies
 m - 9 meat rations
 E - a royal jelly


   Skills:
 + Level 9.3 Fighting
 * Level 13.6 Maces & Flails
 + Level 10.8 Armour
 - Level 1.1 Dodging
 - Level 10.5 Invocations
 + Level 6.6 Evocations


You had 11 spell levels left.
You didn't know any spells.

Dungeon Overview and Level Annotations

Branches:
Dungeon (11/15)            Temple (0/1) D:4            Lair (4/8) D:11
  Snake (0/4) Lair:4
  Swamp: Lair:3-6    Shoals: Lair:3-6       Orc: D:9-12

Altars:
Cheibriados
Dithmenos
Fedhas
Gozag
Kikubaaqudgha
Okawaru
Ru
Xom
Zin

Shops:
D:8 (   D:11 }

Annotations:
D:9 1 runed door
Abyss:1 Pikel


Innate Abilities, Weirdness & Mutations

You are resistant to damage.
You can recharge devices by infusing magical energy.
You passively map the area around you.
You do not regenerate naturally.


Message History

You swing at nothing.
The spiny frog gives a loud, deep croak!
Attempting RANGED ATTACK TO (-6,1); ATTACKING (-1,0)
You swing at nothing.
Attempting RANGED ATTACK TO (-4,0); ATTACKING (-1,0)
You swing at nothing.
Attempting RANGED ATTACK TO (-3,0); ATTACKING (-1,0)
You swing at nothing.
A river rat comes into view.
Attempting RANGED ATTACK TO (-2,0); ATTACKING (-1,0)
You swing at nothing.
ATTACKING (-1,0)
You sock the spiny frog!
The spiny frog is moderately wounded.
The spiny frog stings you but does no damage. x2
ATTACKING (-1,0)
You thump the spiny frog!
The spiny frog is severely wounded.
The spiny frog stings you!
You die...

...###............#P...+,
, ,
....##...........##P...
.####......#.......... ,,
.#####.....###....##. , *
..P##......# #...## ,#*
.....%.....# ##.#### ...
.....%.....###..#..#....
........................
,
~~~~~~~.....r..Fg.......
,
~~~~~~~~.....####.......
, ~#####~~~..###**
#......,,, # ##~~..P *
...... * ~~..# , , ......
* ~ + ..... * , * ~ ,
..... , , * ~~ * .... ~*
+* ,,,, , ,,** *


You could see a spiny frog and a river rat.

Table legend:
 A = Turns spent in this place as a percentage of turns spent in the entire game.
 B = Non-inter-level travel turns spent in this place as a percentage of non-inter-level travel turns spent in the entire game.
 C = Inter-level travel turns spent in this place as a percentage of turns spent in this place.
 D = Turns resting spent in this place as a percentage of non-inter-level travel turns spent in this place.
 E = Turns spent auto-exploring this place as a percentage of non-inter-level travel turns spent in this place.
 F = Non-inter-level travel turns spent in this place divided by the number of levels of this place that you've seen.
                   A       B       C       D       E      F
               +-------+-------+-------+-------+-------+----------------------
         Total | 100.0 | 100.0 |   0.4 |   0.0 |   2.1 | 1679.2
       Dungeon |  69.9 |  69.9 |   0.4 |   0.0 |   2.2 | 1813.5
          Lair |  26.6 |  26.6 |   0.5 |   0.0 |   1.7 | 1895.8
         Abyss |   0.4 |   0.4 |   0.0 |   0.0 |   6.5 | 108.0
         Sewer |   3.2 |   3.2 |   0.0 |   0.0 |   2.6 | 907.0
               +-------+-------+-------+-------+-------+----------------------

Table legend:
 A = Kills in this place as a percentage of kills in entire the game.
 B = Kills by you in this place as a percentage of kills by you in the entire game.
 C = Kills by friends in this place as a percentage of kills by friends in the entire game.
 D = Other kills in this place as a percentage of other kills in the entire game.
 E = Experience gained in this place as a percentage of experience gained in the entire game.
 F = Experience gained in this place divided by the number of levels of this place that you have seen.
                   A       B       C       D       E      F
               +-------+-------+-------+-------+-------+----------------------
         Total | 100.0 | 100.0 |  -nan | 100.0 | 100.0 | 1928.6
       Dungeon |  64.7 |  64.4 |  -nan | 100.0 |  40.4 | 1202.8
          Lair |  29.6 |  29.9 |  -nan |   0.0 |  59.2 | 4856.2
         Sewer |   5.7 |   5.7 |  -nan |   0.0 |   0.4 | 130.0
               +-------+-------+-------+-------+-------+----------------------

Vanquished Creatures
  Harold (D:10)
  The ghost of trolloc1 the Blocker, a journeyman MiBe of Trog (D:10)
  3 hydras
  A cyclops (D:11)
  5 elephants (Lair:3)
  5 spiny frogs
  A centaur skeleton (D:10)
  6 komodo dragons
  A fire drake (Lair:3)
  A troll (D:10)
  A wyvern (D:8)
  A basilisk (Lair:1)
  2 deep elf magi (D:10)
  24 yaks
  A hippogriff (Lair:1)
  Menkaure (D:6)
  3 wolves (Lair:1)
  6 swamp worms (Lair:1)
  2 hungry ghosts
  5 water moccasins
  2 orc warriors (D:9)
  5 porcupines
  2 sky beasts
  A slave (D:6)
  4 ice beasts
  2 necrophages (D:7)
  4 centaurs
  5 black bears
  8 ogres
  3 crocodiles
  4 big kobolds
  14 giant frogs
  3 scorpions
  6 killer bees (D:7)
  7 wights (D:8)
  3 crimson imps
  A vampire bat (D:9)
  5 hounds
  3 jellies
  4 orc priests (D:9)
  3 giant frog skeletons
  A wasp zombie (D:9)
  6 iguanas
  6 orc wizards
  6 worker ants
  2 killer bee zombies
  8 sheep (Lair:4)
  A hound zombie (D:2)
  2 hound skeletons (D:10)
  10 adders
  3 worker ant zombies
  30 river rats
  A shadow imp (D:8)
  3 oozes
  2 adder zombies (D:2)
  3 adder skeletons
  18 worms
  7 giant geckos
  34 orcs
  4 ball pythons
  3 bat skeletons
  4 bat zombies (D:9)
  7 giant cockroaches
  9 hobgoblins
  17 jackals
  35 kobolds
  2 quokkas
  A ball python skeleton (D:5)
  9 bats
  2 giant newts
  11 goblins
  A jackal skeleton (D:4)
  A quokka skeleton (D:7)
  10 rats
419 creatures vanquished.

Vanquished Creatures (others)
  2 hill giants (D:10)
  An ogre (D:4)
  A fungus (Lair:1)
  2 plants (Lair:1)
6 creatures vanquished.

Grand Total: 425 creatures vanquished

Notes
Turn   | Place    | Note
--------------------------------------------------------------
     0 | Abyss:1  | gw the Deep Dwarf Abyssal Knight began the quest for the Orb.
     0 | Abyss:1  | Reached XP level 1. HP: 20/20 MP: 2/2
   215 | Abyss:1  | Noticed a large abomination
   216 | D:1      | Escaped the Abyss
   265 | D:1      | Reached * piety under Lugonu
   323 | D:1      | Reached XP level 2. HP: 22/27 MP: 3/3
   482 | D:1      | Reached skill level 3 in Fighting
   629 | D:1      | Reached XP level 3. HP: 23/34 MP: 5/5
  1145 | D:2      | Reached ** piety under Lugonu
  1319 | D:2      | Found a sacrificial altar of Ru.
  1392 | D:2      | Reached XP level 4. HP: 34/42 MP: 6/6
  2363 | D:3      | Found an iron altar of Okawaru.
  2498 | D:3      | Reached XP level 5. HP: 29/49 MP: 7/7
  2654 | D:3      | Reached *** piety under Lugonu
  2890 | D:4      | Reached skill level 4 in Invocations
  2971 | D:4      | Found a staircase to the Ecumenical Temple.
  3189 | D:4      | Noticed an ogre
  3190 | D:4      | Banished an ogre
  3418 | D:4      | Reached XP level 6. HP: 50/57 MP: 9/9
  3719 | D:5      | Entered Level 5 of the Dungeon
  3931 | D:5      | Reached skill level 5 in Invocations
  4010 | D:5      | Reached skill level 5 in Maces & Flails
  4010 | D:5      | Reached XP level 7. HP: 35/64 MP: 7/7
  4125 | D:5      | Found a glowing drain.
  4151 | Sewer    | Entered a sewer
  4258 | Sewer    | Reached **** piety under Lugonu
  4788 | D:6      | Found an opulent altar of Gozag.
  4793 | D:6      | Noticed Menkaure
  4799 | D:6      | Killed Menkaure
  4864 | D:6      | Noticed Pikel
  4874 | D:6      | Reached ***** piety under Lugonu
  4874 | D:6      | Banished Pikel
  4874 | D:6      | Reached skill level 5 in Fighting
  4874 | D:6      | Reached skill level 6 in Maces & Flails
  4874 | D:6      | Reached XP level 8. HP: 50/74 MP: 8/8
  4996 | D:7      | Reached skill level 5 in Armour
  5062 | D:7      | Found a shimmering altar of Xom.
  5151 | D:7      | Reached skill level 7 in Maces & Flails
  5292 | D:7      | Found a blossoming altar of Fedhas.
  5583 | D:7      | Gained mutation: You passively map the area around you. [Deep Dwarf growth]
  5583 | D:7      | Reached XP level 9. HP: 43/82 MP: 9/9
  5660 | D:7      | Found a shadowy altar of Dithmenos.
  5954 | D:8      | Reached skill level 8 in Maces & Flails
  6061 | D:8      | Found Jubed's Weapon Emporium.
  6218 | D:8      | Reached skill level 9 in Maces & Flails
  6828 | D:8      | Found a glowing silver altar of Zin.
  6828 | D:8      | Noticed an angel
  7026 | D:9      | Reached XP level 10. HP: 59/92 MP: 7/7
  7114 | D:9      | Found an ancient bone altar of Kikubaaqudgha.
  7569 | D:9      | Found a snail-covered altar of Cheibriados.
  7640 | D:9      | Reached skill level 10 in Maces & Flails
  7642 | D:9      | Found a runed door.
  7797 | D:9      | Reached ****** piety under Lugonu
  7893 | D:10     | Entered Level 10 of the Dungeon
  7893 | D:10     | Noticed Harold
  7907 | D:10     | Killed Harold
  8046 | D:10     | Noticed a hill giant
  8047 | D:10     | Banished a hill giant
  8049 | D:10     | Noticed trolloc1's ghost (journeyman MiBe)
  8091 | D:10     | Killed trolloc1's ghost
  8091 | D:10     | Reached skill level 10 in Invocations
  8182 | D:10     | Reached skill level 11 in Maces & Flails
  8416 | D:10     | Reached XP level 11. HP: 53/100 MP: 6/6
  8447 | D:10     | Noticed a hill giant
  8448 | D:10     | Banished a hill giant
  8966 | D:11     | Found Lioth's Quality Used Wands.
  9026 | D:11     | Found a staircase to the Lair.
  9515 | Lair:1   | Entered Level 1 of the Lair of Beasts
  9693 | Lair:1   | Reached skill level 12 in Maces & Flails
  9745 | Lair:1   | Reached skill level 1 in Evocations
 10156 | Lair:1   | Noticed a four-headed hydra
 10165 | Lair:1   | Killed a four-headed hydra
 10618 | Lair:1   | Reached XP level 12. HP: 85/112 MP: 3/3
 10669 | Lair:1   | Identified a scroll of acquirement
 10783 | Lair:2   | Reached skill level 10 in Armour
 11128 | Lair:2   | Noticed a five-headed hydra
 11139 | Lair:2   | Killed a five-headed hydra
 11214 | Lair:2   | Reached skill level 5 in Evocations
 11527 | Lair:3   | Found a labyrinth entrance.
 11573 | Lair:3   | Reached skill level 13 in Maces & Flails
 12528 | Lair:4   | Noticed a four-headed hydra
 12548 | Lair:4   | Killed a four-headed hydra
 12575 | Lair:4   | Found a staircase to the Snake Pit.
 12703 | Lair:4   | HP: 5/114 [black bear (2)]
 12713 | Lair:4   | Mangled by a spiny frog

Action                   |  1- 3 |  4- 6 |  7- 9 | 10-12 || total
-------------------------+-------+-------+-------+-------++-------
Melee: Mace              |   152 |   155 |       |       ||   307
       Morningstar       |       |    78 |   591 |   656 ||  1325
       Great mace        |       |       |       |   212 ||   212
Invok: Depart the Abyss  |     1 |       |       |       ||     1
       Banish            |       |     1 |     1 |     3 ||     5
 Abil: Device Recharging |       |     3 |     6 |    10 ||    19
Evoke: Wand              |     1 |    24 |    26 |    49 ||   100
  Use: Potion            |     3 |     8 |     8 |     6 ||    25
       Scroll            |     2 |     6 |     2 |     8 ||    18
 Stab: Sleeping          |     1 |       |       |       ||     1
  Eat: Chunk             |     2 |     9 |    12 |    26 ||    49
       Fruit             |       |       |       |     3 ||     3
       Bread ration      |       |       |       |     1 ||     1

Vault maps used:
D:1:      dpeg_arrival_more_subterranean_lakeside_camping, st_stairs_6
D:2:      lemuel_round_altar, serial_undead, serial_undead_a, serial_undead_e,
          serial_undead_a, serial_undead_a, serial_undead_e, serial_undead_a
D:3:      first_bread, okawaru_ov_weapons_minmay
D:4:      temple_statues
D:5:      black_bear_nest_2, portal_sewer_entry_a, hangedman_decor_slide_cut
D:6:      old_standard_altar, uniq_pikel, uniq_menkaure
D:7:      nicolae_dithmenos_through_a_glass_darkly, fedhas_altar_1,
          nicolae_overflow_crystal_walls, grunt_ogre_cave
D:8:      zin_angel, serial_shops, nicolae_shop_crystal
D:9:      kennysheep_vampire_church, basic_altar, minmay_st_funbox
D:10:     minmay_misc_feat_more_columns, uniq_harold
D:11:     nicolae_for_you_no_charge
Lair:1:   worms_lemuel, infiniplex_staircase_pool_2, lemuel_fruit_tree
Lair:3:   lab_entry_generic, serial_bayou_shore_b
Lair:4:   minmay_shoals_entry_hut, dummy_snake_entry
Sewer:    kennysheep_pipe_town
